 Dungeon Crawl Stone Soup version 0.30-a0-802-gb92711bcdf (webtiles) character file.

Game seed: 7084665807714909620

147 Darius099 the Chopper (level 5, -10/45 HPs)
             Began as a Minotaur Fighter on Feb 24, 2023.
             Killed from afar by an electric eel (14 damage)
             ... with a bolt of electricity
             ... on level 3 of the Dungeon.
             The game lasted 00:05:16 (1805 turns).

Darius099 the Chopper (Minotaur Fighter)            Turns: 1805, Time: 00:05:17

Health: -10/45     AC:  8    Str: 22    XL:     5   Next: 8%
Magic:  4/4        EV:  9    Int:  5    God:
Gold:   163        SH:  4    Dex: 10    Spells: 4/4 levels left

rFire   . . .      SeeInvis .    a - +0 war axe
rCold   . . .      Faith    .    c - +0 buckler
rNeg    . . .      Spirit   .    b - +0 scale mail
rPois   .          Reflect  .    (helmet restricted)
rElec   .          Harm     .    j - +0 cloak
rCorr   .          Rampage  .    (no gloves)
Will    .....                    (no boots) Stlth
                                 (no amulet)
HPRegen 0.27/turn                (no ring)
MPRegen 0.09/turn                (no ring)

@: no status effects
A: horns 2, retaliatory headbutt
a: no special abilities


You were on level 3 of the Dungeon.
You visited 1 branch of the dungeon, and saw 3 of its levels.

You collected 163 gold pieces.

Inventory:

Hand Weapons
 a - a +0 war axe (weapon)
Missiles
 q - 6 poisoned darts (quivered)
Armour
 b - a +0 scale mail (worn)
 c - a +0 buckler (worn)
 j - a +0 cloak (worn)
Wands
 u - a wand of flame (15)
Scrolls
 e - 3 scrolls of identify {unknown}
 f - a scroll of poison {unknown}
 h - 2 scrolls of immolation {unknown}
 i - 2 scrolls of enchant armour {unknown}
 k - a scroll of teleportation {unknown}
 l - a scroll of summoning {unknown}
 m - a scroll of fog {unknown}
 s - a scroll of enchant weapon {unknown}
 t - a scroll of fear {unknown}
Potions
 d - a potion of might
 g - a potion of cancellation {unknown}
 n - a potion of resistance {unknown}
 o - 4 potions of curing {unknown}
 p - 2 potions of heal wounds {unknown}
 r - a potion of flight {unknown}


   Skills:
 - Level 3.6 Fighting
 + Level 6.4 Axes
 - Level 3.6 Armour
 - Level 3.6 Shields


You had 4 spell levels left.
You didn't know any spells.
Your spell library contained the following spells:

 Spells                   Type           Power      Damage    Failure   Level
 Cigotuvi's Dreadful Rot  Necr/Pois/Air  0%         N/A       95%         2
 Poisonous Vapours        Pois/Air       0%         N/A       95%         2
 Mephitic Cloud           Conj/Pois/Air  0%         N/A       99%         3


Dungeon Overview and Level Annotations

Branches:
Dungeon (3/15)

Altars:
Cheibriados

Annotations:
D:3 1 transporter


Innate Abilities, Weirdness & Mutations

You have a pair of horns on your head.
You reflexively headbutt those who attack you in melee.


Message History

The giant cockroach bites you but does no damage.
The giant cockroach closely misses you.
You closely miss the giant cockroach.
The giant cockroach is moderately wounded.
The giant cockroach bites you but does no damage.
You barely miss the giant cockroach.
Your headbutt misses the giant cockroach.
The giant cockroach is moderately wounded.
You block the giant cockroach's attack.
The giant cockroach bites you but does no damage.
You hit the giant cockroach but do no damage.
You headbutt the giant cockroach.
The giant cockroach is almost dead.
The giant cockroach closely misses you. You furiously retaliate!
You headbutt the giant cockroach, but do no damage.
You closely miss the giant cockroach. You headbutt the giant cockroach.
You kill the giant cockroach!
No target in view!
Found a snail-covered altar of Cheibriados.
There is a transporter here.
Partly explored, unvisited transporter.
Partly explored, unvisited transporter.
There is a transporter here.
You enter the transporter and appear at another place.
u - a wand of flame (15)
You open the door.
The electric eel shoots out a bolt of lightning at you!
The bolt of electricity hits you! x2
There is an open door here.
The electric eel shoots out a bolt of lightning at you!
The bolt of electricity hits you! The bolt of electricity hits you.
The electric eel shoots out a bolt of lightning at you!
The bolt of electricity hits you!
* * * LOW HITPOINT WARNING * * *
The electric eel shoots out a bolt of lightning at you!
The bolt of electricity hits you.
* * * LOW HITPOINT WARNING * * *
The electric eel shoots out a bolt of lightning at you!
The bolt of electricity hits you!
You die...

#.......#.................
#....[..#.####..##.##.#...
#..######..........##.#...
##.##################.####
#.#..................##
#.#.###############...#
#.#.#8P#~~~~~~~#P8#.#.#
#...#..#.......#..#...##
#..©#©.'@..⌠...+(©#©...#
##..#..#.......#..#..#.#
##.#8P#SS~~~~~#P8#.##'##
#.###############......
#......................
##################.....
#..... #..... #.....


You could see 2 electric eels.

Vanquished Creatures
  Terence (D:3)
  Natasha (D:1)
  2 adders (D:2)
  2 worms
  A dart slug (D:1)
  7 orcs (D:3)
  4 ball pythons
  3 bats
  2 endoplasms (D:2)
  2 giant cockroaches
  6 goblins
  5 hobgoblins
  5 jackals (D:3)
  4 kobolds
  3 quokkas
  6 frilled lizards
  7 rats
61 creatures vanquished.

Notes
Turn   | Place    | Note
-------+----------+-------------------------------------------
     0 | D:1      | Darius099 the Minotaur Fighter began the quest for the Orb.
     0 | D:1      | Reached XP level 1. HP: 19/19 MP: 0/0
    52 | D:1      | Reached skill level 3 in Axes
    58 | D:1      | Reached XP level 2. HP: 26/26 MP: 1/1
   737 | D:2      | Noticed Natasha
   745 | D:1      | Reached skill level 4 in Axes
   746 | D:1      | Killed Natasha
   747 | D:1      | Reached XP level 3. HP: 14/31 MP: 2/2
   844 | D:2      | Reached skill level 5 in Axes
   983 | D:2      | Reached XP level 4. HP: 39/39 MP: 3/3
  1157 | D:3      | Found a transporter.
  1214 | D:3      | Found a transporter.
  1351 | D:3      | Reached skill level 6 in Axes
  1452 | D:3      | Noticed Terence
  1474 | D:3      | Killed Terence
  1475 | D:3      | Reached XP level 5. HP: 26/45 MP: 4/4
  1725 | D:3      | Found a snail-covered altar of Cheibriados.
  1805 | D:3      | Killed from afar by an electric eel

Illustrated notes

Levels and vault maps discovered:
D:1:      spicycebolla_arrival_ecumenical, layout_loops_cross
D:2:      layout_rooms, uniq_natasha
D:3:      gammafunk_steamed_eel, layout_basic, lemuel_coloured_pillars_altar,
          uniq_terence

Skill      XL: |  1  2  3  4 |
---------------+-------------+-----
Axes           | 3 4 5 6 |  6.4
Fighting       | |  3.6
Armour         | |  3.6
Shields        | |  3.6

Action                     |  1- 3 |  4- 6 || total
---------------------------+-------+-------++-------
  Melee: War axe           |    60 |    67 ||   127
         Headbutt          |     4 |     9 ||    13
 Armour: Scale mail        |    39 |    24 ||    63
  Dodge: Dodged            |    33 |    22 ||    55
  Block: Buckler           |    17 |    13 ||    30

Table legend: (Time is in decaauts)
 A = Elapsed time spent in this place.
 B = Non-inter-level travel time spent in this place.
 C = Inter-level travel time spent in this place.
 D = Time resting spent in this place.
 E = Time spent auto-exploring this place.
 F = Levels seen in this place.
 G = Mean time per level.
                   A        B        C        D        E       F      G
               +--------+--------+--------+--------+--------+-----+--------+
         Total |   1852 |   1808 |     44 |     16 |   1398 |   3 |  617.3 |
       Dungeon |   1852 |   1808 |     44 |     16 |   1398 |   3 |  617.3 |
               +--------+--------+--------+--------+--------+-----+--------+

Top non-repeatable levels by time:
     D:1: 787 daAuts
     D:3: 710 daAuts
     D:2: 355 daAuts
